AoeStats
← eyupfc

Arabia

504832131Analyzed
1v1 RM · 26d ago on Sep 6, 2026· 59m 10s· 2 players
Game mode
Random Map
Map size
Tiny (2 player)
Population
200
Speed
Normal
Resources
Standard
Victory
Conquest
Starting age
Dark Age
Ending age
Imperial Age
RankedLock teamsTeams togetherTeam positionsShared explorationLock speedFull tech treeHidden civsTurbo modeCheats
Victory
Defeat
🇳🇱 Saracens · Netherlands
1186
+16
🇹🇷 Tupi · Türkiye
1194
-16
Kavi
8:27 Loom
10:35 Feudal Age
13:14 Fletching
13:14 Double-Bit Axe
15:16 Padded Archer Armor
15:38 Horse Collar
18:59 Gold Mining
22:07 Castle Age
21:45 Scale Barding Armor
21:50 Forging
22:31 Bloodlines
23:17 Chain Barding Armor
23:16 Bow Saw
23:58 Heavy Plow
25:03 Husbandry
26:19 Town Watch
27:51 Wheelbarrow
29:40 Town Patrol
32:18 Devotion
33:07 Iron Casting
35:03 Hand Cart
40:02 Imperial Age
37:39 Bodkin Arrow
37:59 Leather Archer Armor
37:06 Elite Skirmisher
37:58 Stone Mining
39:01 Thumb Ring
41:24 Plate Barding Armor
41:49 Blast Furnace
40:50 Bracer
40:14 Heavy Camel Rider
42:33 Chemistry
42:01 Ballistics
42:13 Ring Archer Armor
41:43 Scale Mail Armor
42:25 Conscription
41:27 Elite Mameluke
47:14 Hoardings
49:13 Siege Engineers
eyupfc
6:36 Loom
9:07 Feudal Age
9:21 Champi Runner
9:47 Double-Bit Axe
13:21 Wheelbarrow
14:53 Fletching
15:50 Scale Mail Armor
22:36 Castle Age
20:57 Horse Collar
21:42 Gold Mining
23:59 Bow Saw
23:11 Crossbowman
24:04 Town Watch
23:59 Elite Skirmisher
25:27 Pikeman
27:32 Padded Archer Armor
28:22 Squires
32:04 Bodkin Arrow
34:00 Ballistics
36:58 Leather Archer Armor
40:55 Imperial Age
40:54 Chain Mail Armor
40:49 Forging
42:01 Curare
43:06 Halberdier
45:13 Bracer
45:43 Ring Archer Armor
47:23 Chemistry
46:36 Elite Blackwood Archer
46:43 Elite Blackwood Archer
47:08 Champi Warrior
49:17 Conscription
48:32 Elite Champi Warrior
50:22 Plate Mail Armor
50:27 Iron Casting
Connection lost

Rejoining the realm…

Still unreachable

The connection could not be restored.

Session expired

The server has moved on; the page needs a fresh start.